 Dungeon Crawl Stone Soup version 0.30.0-5-g1a98f26d00 (webtiles) character file.

Game seed: 1641789041809655759

26204 randart the Devastator (level 12, -2/71 HPs)
             Began as a Deep Elf Conjurer on May 10, 2023.
             Was an Elder of Vehumet.
             Slain by an orc knight
             ... wielding a +0 glaive
              (21 damage)
             ... on level 12 of the Dungeon on May 12, 2023.
             The game lasted 05:24:13 (26368 turns).

randart the Devastator (Deep Elf Conjurer)         Turns: 26368, Time: 05:24:13

Health: -2/71      AC: 23    Str:  6    XL:     12   Next: 96%
Magic:  15/27      EV: 16    Int: 27    God:    Vehumet [****..]
Gold:   801        SH:  0    Dex: 13    Spells: 11/29 levels left

rFire   . . .        b - +0 short sword (venom)
rCold   . . .        (no shield)
rNeg    . . .        N - +1 steam dragon scales
rPois   .            o - +2 helmet
rElec   .            (no cloak)
rCorr   .            l - +2 pair of gloves
SInv    .            O - +2 pair of boots
Will    +....        (no amulet)
Stlth   ++           y - +4 ring of protection
HPRegen 0.31/turn    n - +4 ring of protection
MPRegen 0.20/turn

%: no passive effects
@: no status effects
A: no striking features
a: Renounce Religion


You were on level 12 of the Dungeon.
You worshipped Vehumet.
Vehumet was greatly pleased with you.
You visited 3 branches of the dungeon, and saw 17 of its levels.

You collected 801 gold pieces.

Inventory:

Hand Weapons
 a - a +3 short sword of speed
 b - a +0 short sword of venom (weapon)
 r - a +2 dagger of flaming
 z - a +0 rapier
Missiles
 d - 30 poisoned darts
 e - 4 javelins
 A - 17 silver boomerangs
 D - 2 datura-tipped darts
 F - a curare-tipped dart
Armour
 l - a +2 pair of gloves (worn)
 o - a +2 helmet (worn)
 u - the +0 robe "Ikooca" {rElec rC+ Dex-5 Slay+2}
   (You found it on level 3 of the Dungeon)

   Dex:       It affects your dexterity (-5).
   Slay:      It affects your accuracy & damage with ranged weapons and melee
   (+2).
   rC:        It protects you from cold.
   rElec:     It insulates you from electricity.
 w - a +1 robe of positive energy
 H - a +1 ring mail of poison resistance
 N - +1 steam dragon scales (worn)
 O - a +2 pair of boots (worn)
 V - +0 acid dragon scales
Magical Staves
 h - a staff of earth
Jewellery
 n - a +4 ring of protection (right hand)
 y - a +4 ring of protection (left hand)
 R - a ring of willpower
 T - a ring of wizardry
Wands
 t - a wand of quicksilver (3)
 v - a wand of flame (43)
 x - a wand of roots (23)
 B - a wand of mindburst (6)
 M - a wand of paralysis (3)
 S - a wand of digging (4)
Scrolls
 c - 3 scrolls of immolation
 g - 2 scrolls of blinking
 i - 2 scrolls of teleportation
 m - a scroll of poison
 E - a scroll of amnesia
 K - 2 scrolls of fear
 L - a scroll of magic mapping
 P - 3 scrolls of enchant weapon
 U - a scroll of identify
Potions
 f - a potion of haste
 j - 4 potions of lignification
 k - 3 potions of curing
 p - 2 potions of resistance
 q - 5 potions of brilliance
 s - a potion of ambrosia
 C - a potion of magic
 G - 4 potions of berserk rage
 I - 4 potions of might
 J - 2 potions of flight
 Q - 2 potions of attraction


   Skills:
 - Level 6.9 Fighting
 - Level 10.0 Dodging
 + Level 3.9 Stealth
 + Level 9.4 Spellcasting
 - Level 15.1 Conjurations
 - Level 7.0 Hexes
 - Level 6.1 Translocations
 - Level 5.0 Fire Magic
 + Level 5.2 Ice Magic
 - Level 4.0 Earth Magic
 - Level 2.0 Evocations


You had 11 spell levels left.
You knew the following spells:

 Your Spells              Type           Power      Damage    Failure   Level
a - Magic Dart            Conj           100%       1d8       0%          1
b - Searing Ray           Conj           100%       2d8       0%          2
c - Dazzling Flash        Conj/Hex       100%       N/A       1%          3
d - Iskenderun's Mystic   Conj/Tloc      63%        2d13      1%          4
e - Fulminant Prism       Conj/Hex       32%        3d16      1%          4
f - Foxfire               Conj/Fire      100%       2x1d9     1%          1
g - Hailstorm             Conj/Ice       61%        3d13      1%          3

Your spell library contained the following spells:

 Spells                   Type           Power      Damage    Failure   Level
 Apportation              Tloc           92%        N/A       1%          1
 Kiss of Death            Conj/Necr      100%       2d13      1%          1
 Confusing Touch          Hex            50%        N/A       1%          3
 Inner Flame              Hex/Fire       45%        N/A       1%          3
 Necrotise                Necr           48%        1d6       4%          1
 Sting                    Tmut/Pois      48%        1d5       4%          1
 Summon Small Mammal      Summ           48%        N/A       4%          1
 Sublimation of Blood     Necr           12%        N/A       7%          2
 Wereblood                Tmut           12%        N/A       7%          2
 Yara's Violent Unravell  Hex/Tmut       15%        3d8       9%          5
 Animate Dead             Necr           12%        N/A       41%         4
 Dispel Undead            Necr           12%        3d9       41%         4
 Enfeeble                 Hex            25%        N/A       91%         7
 Haunt                    Necr/Summ      6%         N/A       100%        7
 Summon Hydra             Summ           6%         N/A       100%        7
 Infestation              Necr           6%         N/A       100%        8
 Shatter                  Erth           17%        3d16*     100%        9


Dungeon Overview and Level Annotations

Branches:
Dungeon (12/15)            Temple (1/1) D:7            Lair (4/5) D:9
 Shoals (0/4) Lair:3        Snake (0/4) Lair:2        Slime (0/5) Lair:4
    Orc: D:9-12

Altars:
Fedhas
Gozag
Nemelex Xobeh
Okawaru
Sif Muna
Vehumet
Jiyva

Shops:
D:1 (

Annotations:
D:3 1 runed translucent door, Descartes's ghost, amateur DEEE
D:4 exclusion: downstairs, Eustachio; Natasha
D:8 Joseph
D:10 exclusion: downstairs
Lair:2 1 runed translucent door, exclusion: hydra, IndexError's ghost, journeyman DjIE
Lair:3 exclusion: upstairs
Lair:4 Josephine


Message History

The orc knight is lightly wounded.
The mystic blast hits the orc knight!!
The orc knight is moderately wounded.
The orc knight is knocked back by the mystic blast.
The orc knight roars a battlecry!
The orc knight goes into a battle-frenzy!
Casting: Iskenderun's Mystic Blast (safe; 1% risk of failure)
Confirm with . or Enter, or press ? or * to list all spells.
Aiming: Fulminant Prism (safe; 1% risk of failure)
Press: ? - help, Dir - move target You conjure a prism of explosive energy!
A fulminant prism comes into view.
Okay, then.
Aiming: Magic Dart (safe; 0% risk of failure)
Press: ? - help, Q - select action, (/) - cycle Shift-Dir - straight line, f - orc knight
Aim: an orc knight, wielding a +0 glaive and wearing a +0 chain mail (moderately wounded, strong, ally target, 100% to hit)
The magic dart hits the orc knight.
The orc knight is moderately wounded.
Your fulminant prism crackles loudly.
Aiming: Magic Dart (safe; 0% risk of failure)
Press: ? - help, Q - select action, (/) - cycle Shift-Dir - straight line, f/p - orc knight
Aim: an orc knight, wielding a +0 glaive and wearing a +0 chain mail (moderately wounded, strong, ally target, 100% to hit)
The magic dart hits the orc knight.
The orc knight is moderately wounded.
The gargoyle hurls a stone arrow at you.
The stone arrow hits you!! The orc knight misses you.
Your fulminant prism explodes!
The blast of energy engulfs the orc knight.
The orc knight is heavily wounded.
The blast of energy engulfs the gargoyle!!
You destroy the gargoyle!
Vehumet accepts your kill.
Vehumet is now extending the range of your destructive spells.
The blast of energy engulfs the orc knight!
The orc knight is moderately wounded.
You hear a shout!
The orc knight hits you with a +0 long sword!!
* * * LOW HITPOINT WARNING * * *
The orc knight hits you from afar with a +0 glaive!!
You die...

###########
#.........#########
#.....o...#.......#
#...@o....#.......#
#.......).#.......#
#.........####'####
##########........#
#........#
#........#
#..<.....#
#........###
#........#..


You could see 2 orc knights.

Vanquished Creatures
  A catoblepas (Lair:3)
  A death yak (Lair:4)
  An ugly thing (D:11)
  3 cyclopes (D:11)
  5 elephants
  7 black mambas
  A gargoyle (D:12)
  8 cane toads
  An unseen horror (D:11)
  A kobold demonologist (D:10)
  A rime drake (Lair:4)
  6 komodo dragons
  4 trolls
  5 polar bears
  7 blink frogs
  Grinder (D:3)
  A snapping turtle (Lair:3)
  A slime creature (D:12)
  A spriggan (D:7)
  19 yaks
  5 wyverns
  2 wraiths (D:10)
  2 steam dragons (D:9)
  6 vampire mosquitoes
  2 nagas (Lair:2)
  8 water moccasins
  An acid dragon (D:11)
  3 orc warriors
  A black bear (D:4)
  2 ice beasts
  A sky beast (D:7)
  An ogre (D:5)
  2 centaurs (D:9)
  2 wolves
  Blork the orc (D:4)
  8 kobold brigands
  8 bullfrogs
  4 gnoll sergeants
  2 scorpions (D:5)
  3 wights (D:9)
  28 killer bees
  3 electric eels
  8 hounds
  3 orc priests
  2 iguanas
  Jessica (D:3)
  10 orc wizards
  Robin (D:3)
  10 adders
  19 gnolls
  3 shadow imps
  6 worms
  4 dart slugs
  34 orcs
  2 bats (D:1)
  7 endoplasms
  5 giant cockroaches
  9 goblins
  7 hobgoblins
  4 jackals (D:3)
  4 quokkas
  3 ball pythons
  2 frilled lizards
  25 kobolds
  4 rats
343 creatures vanquished.

Vanquished Creatures (others)
  19 foxfires
  18 fulminant prisms
37 creatures vanquished.

Grand Total: 380 creatures vanquished

Notes
Turn   | Place    | Note
-------+----------+-------------------------------------------
     0 | D:1      | randart the Deep Elf Conjurer began the quest for the Orb.
     0 | D:1      | Reached XP level 1. HP: 10/10 MP: 6/6
   334 | D:1      | Found Xeupnek's Antique Weapon Shop.
   356 | D:1      | Reached XP level 2. HP: 15/15 MP: 6/8
   359 | D:1      | Learned a level 2 spell: Searing Ray
   647 | D:1      | Reached skill level 5 in Conjurations
  1021 | D:2      | Reached XP level 3. HP: 19/19 MP: 4/9
  1430 | D:3      | Identified the +0 robe "Ikooca" {rElec rC+ Dex-5 Slay+2}
  1739 | D:3      | Reached skill level 6 in Conjurations
  1883 | D:3      | Noticed Grinder
  1917 | D:3      | Found an opulent altar of Gozag.
  1992 | D:3      | Reached XP level 4. HP: 24/24 MP: 3/10
  2105 | D:3      | Found a runed translucent door.
  2106 | D:3      | Noticed Descartes's ghost (amateur DEEE)
  2238 | D:3      | Noticed Robin
  2462 | D:3      | Noticed Jessica
  2464 | D:3      | Killed Jessica
  2546 | D:3      | Killed Robin
  2742 | D:3      | Killed Grinder
  2743 | D:3      | Reached skill level 8 in Conjurations
  2743 | D:3      | Reached XP level 5. HP: 21/28 MP: 3/11
  2743 | D:3      | Reached XP level 6. HP: 24/32 MP: 3/12
  2776 | D:3      | Learned a level 3 spell: Dazzling Flash
  2781 | D:3      | Learned a level 4 spell: Iskenderun's Mystic Blast
  3486 | D:5      | Entered Level 5 of the Dungeon
  3603 | D:4      | Noticed Natasha
  3703 | D:4      | Noticed Blork the orc
  3722 | D:4      | Killed Blork the orc
  3818 | D:4      | Noticed Eustachio
  3890 | D:4      | Reached skill level 9 in Conjurations
  5311 | D:5      | Reached XP level 7. HP: 36/36 MP: 11/13
  5546 | D:5      | Reached skill level 10 in Conjurations
  5862 | D:5      | Reached skill level 1 in Fighting
  6698 | D:5      | Reached XP level 8. HP: 44/44 MP: 16/16
  6703 | D:5      | Learned a level 4 spell: Fulminant Prism
  7205 | D:6      | Reached skill level 5 in Spellcasting
  8183 | D:6      | Reached skill level 11 in Conjurations
  8488 | D:6      | Found a sparkling altar of Nemelex Xobeh.
  8996 | D:7      | Reached XP level 9. HP: 52/52 MP: 8/21
  9311 | D:7      | Reached skill level 1 in Translocations
  9569 | D:7      | Found a staircase to the Ecumenical Temple.
  9577 | Temple   | Entered the Ecumenical Temple
  9605 | Temple   | Became a worshipper of Vehumet
 11035 | D:8      | Reached skill level 12 in Conjurations
 11472 | D:8      | Noticed Joseph
 11694 | D:8      | Got the Guidebook on Spelunking and Transmigration
 11932 | D:8      | Reached * piety under Vehumet
 11932 | D:8      | Offered knowledge of Freeze by Vehumet.
 12329 | D:9      | Identified the +1 ring mail of Molal {rF+ Int+5}
 12414 | D:9      | Noticed a troll
 12478 | D:9      | Reached XP level 10. HP: 58/58 MP: 21/24
 12511 | D:9      | Reached skill level 5 in Fighting
 12628 | D:9      | Reached skill level 5 in Dodging
 12643 | D:9      | Reached skill level 1 in Earth Magic
 13046 | D:9      | Reached ** piety under Vehumet
 13046 | D:9      | Offered knowledge of Foxfire by Vehumet.
 13172 | D:9      | Found a staircase to the Lair.
 13196 | D:9      | Reached skill level 5 in Translocations
 13960 | D:9      | Learned a level 1 spell: Foxfire
 14025 | D:10     | Entered Level 10 of the Dungeon
 14055 | D:10     | Reached skill level 13 in Conjurations
 14055 | D:10     | Reached skill level 1 in Fire Magic
 14059 | D:10     | Offered knowledge of Scorch by Vehumet.
 14564 | D:10     | Reached XP level 11. HP: 50/63 MP: 5/25
 15266 | D:10     | Found a shimmering blue altar of Sif Muna.
 15617 | D:10     | Found an iron altar of Okawaru.
 15621 | D:10     | Noticed a boulder beetle
 15871 | D:10     | Found a blossoming altar of Fedhas.
 15937 | Lair:1   | Entered Level 1 of the Lair of Beasts
 16372 | Lair:1   | Reached skill level 5 in Fire Magic
 16629 | Lair:1   | Reached skill level 14 in Conjurations
 16964 | Lair:1   | Reached *** piety under Vehumet
 18538 | Lair:2   | Found a runed translucent door.
 18540 | Lair:2   | Noticed IndexError's ghost (journeyman DjIE)
 18606 | Lair:2   | Found a staircase to the Snake Pit.
 19315 | Lair:2   | Noticed a seven-headed hydra
 19600 | Lair:3   | Reached XP level 12. HP: 71/71 MP: 16/26
 19643 | Lair:3   | Reached skill level 15 in Conjurations
 20184 | Lair:3   | Noticed a catoblepas
 20929 | Lair:3   | Killed a catoblepas
 21104 | Lair:3   | Found a staircase to the Shoals.
 21283 | Lair:4   | Reached skill level 1 in Hexes
 21463 | Lair:4   | Offered knowledge of Hailstorm by Vehumet.
 21659 | Lair:4   | Learned a level 3 spell: Hailstorm
 21842 | Lair:4   | Noticed a death yak
 21872 | Lair:4   | Killed a death yak
 21873 | Lair:4   | Reached skill level 1 in Ice Magic
 21873 | Lair:4   | Reached skill level 1 in Evocations
 22076 | Lair:4   | Found a viscous altar of Jiyva.
 22076 | Lair:4   | Found a staircase to the Slime Pits.
 22224 | Lair:4   | Reached skill level 5 in Hexes
 22253 | Lair:4   | Noticed Josephine
 22912 | Lair:4   | Noticed a death yak
 23014 | Lair:4   | Noticed a death yak
 24782 | D:11     | Reached skill level 10 in Dodging
 25662 | D:11     | Reached skill level 5 in Ice Magic
 26367 | D:12     | Reached **** piety under Vehumet
 26368 | D:12     | Slain by an orc knight

Illustrated notes

Levels and vault maps discovered:
D:1:      dpeg_arrival_stonehenge_12_columns, layout_basic, serial_shops, shop,
          dreamdust_princess_bridge, hex_intersection
D:2:      layout_rooms, minmay_pentomino_r2
D:3:      layout_loops_ring, lemuel_round_altar, gammafunk_ghost_grave,
          nrook_uturn, grunt_decor_arrowhead, uniq_grinder, uniq_robin,
          uniq_jessica
D:4:      layout_loops_ring, grunt_tough_drop, uniq_eustachio, uniq_natasha,
          uniq_blork_the_orc
D:5:      layout_basic
D:6:      layout_basic, lemuel_coloured_pillars_altar
D:7:      layout_basic, minmay_temple_entry_ruins, the_hattery
D:8:      layout_basic, nicolae_overflow_hidden_temple,
          minmay_unpleasant_kobolds, uniq_pikel, uniq_joseph
D:9:      layout_roguey, erik_lair_island, kennysheep_generic_room_6
D:10:     layout_grid_maze, led_sif_pool, marbit_many_paths, okawaru_gym_becter,
          uniq_harold
D:11:     layout_stronghold, gauntlet_entry_generic
D:12:     layout_gridville, david_orc_5, minmay_crystal_room,
          lemuel_old_faithful
Temple:   minmay_temple_curvy_branch
Lair:1:   layout_hall_layers
Lair:2:   layout_cellular_growth, minmay_snake_entry_guardpost_small,
          ebering_ghost_inner_flame
Lair:3:   layout_loops_ring, minmay_shoals_entry_hut,
          chequers_serial_rivers_large_a, infiniplex_staircase_pool
Lair:4:   layout_small_grid, slime_entry_1, st_stairs_5,
          chequers_serial_rivers_marsh, uniq_josephine

Skill      XL: |  1  2  3  4  5  6  7  8  9 10 11 12 |
---------------+-------------------------------------+-----
Conjurations   | 5 6 8 9 10 11 12 13 14 15 | 15.1
Fighting       | 1 3 4 5 6 |  6.9
Spellcasting   | 4 7 8 9 |  9.4
Translocations | 4 5 6 |  6.1
Dodging        | 4 6 9 10 | 10.0
Earth Magic    | 4 |  4.0
Fire Magic     | 3 5 |  5.0
Hexes          | 7 |  7.0
Ice Magic      | 5 |  5.2
Evocations     | 2 |  2.0
Stealth        | 3 |  3.9

Action                     |  1- 3 |  4- 6 |  7- 9 | 10-12 || total
---------------------------+-------+-------+-------+-------++-------
  Melee: Short sword       |       |    21 |    63 |   168 ||   252
         Punch             |       |       |       |     3 ||     3
  Throw: Dart              |       |     3 |    12 |    66 ||    81
         Javelin           |       |       |     5 |     1 ||     6
         Boomerang         |       |       |       |     5 ||     5
   Cast: Magic Dart        |    79 |   130 |   213 |   121 ||   543
         Dazzling Flash    |       |     3 |     3 |     2 ||     8
         Searing Ray       |       |     1 |    46 |    82 ||   129
         Iskenderun's Myst |       |       |    33 |   255 ||   288
         Fulminant Prism   |       |       |       |    18 ||    18
         Foxfire           |       |       |       |    11 ||    11
         Hailstorm         |       |       |       |     2 ||     2
  Evoke: Wand              |       |       |     3 |    20 ||    23
    Use: Scroll            |     6 |     9 |     7 |    14 ||    36
         Potion            |       |     2 |     3 |     1 ||     6
   Stab: Sleeping          |       |       |     3 |     1 ||     4
 Armour: Robe              |     2 |    22 |    71 |    81 ||   176
         Leather armour    |       |     2 |       |       ||     2
         Steam dragon scal |       |       |       |   148 ||   148
  Dodge: Dodged            |     4 |    54 |    94 |   287 ||   439
